 Dungeon Crawl Stone Soup version 0.19-b1-5-gdc9fa9d (webtiles) character file.

11 PhynixH2O the Skirmisher (level 2, 0/24 HPs)
             Began as a Demonspawn Abyssal Knight on Oct 31, 2016.
             Was a Follower of Lugonu.
             Slain by a gnoll
             ... wielding a +0 whip
              (3 damage)
             ... on level 1 of the Dungeon.
             The game lasted 00:03:02 (422 turns).

PhynixH2O the Skirmisher (Demonspawn Abyssal Knight) Turns: 422, Time: 00:03:03

Health: 0/24       AC:  3    Str: 12    XL:     2   Next: 17%
Magic:  3/3        EV: 11    Int: 13    God:    Lugonu [*.....]
Gold:   36         SH:  0    Dex: 12    Spells: 0 memorised, 1 level left

rFire  . . .     SeeInvis .     a - +1 falchion
rCold  . . .     Gourm    .     b - +0 leather armour
rNeg   . . .     Faith    .     (no shield)
rPois  .         Spirit   .     (no helmet)
rElec  .         Reflect  .     (no cloak)
rCorr  .         Harm     .     (no gloves)
MR     .....                    (no boots)
Stlth  +.........               (no amulet)
                                (no ring)
                                (no ring)

@: no status effects
A: demonic guardian 1
a: Depart the Abyss, Renounce Religion


You were on level 1 of the Dungeon.
You worshipped Lugonu.
Lugonu was aware of your devotion.
You were not hungry.

You visited 1 branch of the dungeon, and saw 1 of its levels.
You visited the Abyss 1 time.

You collected 36 gold pieces.

Inventory:

Hand Weapons
 a - a +1 falchion (weapon)
Armour
 b - a +0 leather armour (worn)
Scrolls
 e - a scroll of identify {unknown}
 h - a scroll of remove curse {unknown}
 i - a scroll of noise {unknown}
 j - a scroll of enchant armour {unknown}
Potions
 d - a potion of resistance {unknown}
Comestibles
 c - a bread ration
 f - 2 chunks of flesh
 g - a meat ration


   Skills:
 + Level 3.4 Fighting
 + Level 2.1 Long Blades
 - Level 1.7 Armour
 - Level 0.8 Dodging
 - Level 2.4 Invocations


You had one spell level left.
You didn't know any spells.

Dungeon Overview and Level Annotations

Branches:
Dungeon (1/15)

Altars:
Ashenzari


Innate Abilities, Weirdness & Mutations

A weak demonic guardian rushes to your aid.


Message History

Press: ? - help, v - describe, . - travel A shattered altar of Ashenzari.
A bat comes into view.
A bat is nearby!
The bat misses you.
Found a scroll labeled WUUXYI HUDOITI.
You slash the bat!
You kill the bat!
Lugonu accepts your kill.
No target in view!
j - a scroll labeled WUUXYI HUDOITI An ooze, a gnoll and a kobold come into view.
The kobold shouts!
The gnoll shouts!
You hit the gnoll but do no damage. The gnoll hits you with a whip.
You hit the gnoll but do no damage. The gnoll hits you with a whip!
Okay, then.
You barely miss the gnoll. The gnoll hits you with a whip!
* * * LOW HITPOINT WARNING * * *
The gnoll hits you with a whip.
You die...

#.....# #.#.##..#.#..# #..
#.....# #.#.##..#.#..# #.#
#.....# #.#..#..#.#..# #..
#.....# ##.##.#..#.#..# ###
#..>..# #........#.#..## #..
#########........#.....#######.#
#.....#.########.............
#.###.#.########............
#.#.........5@gK...#........
#.......########.#.#.......
####.......# #....#.#g......
...........# ###.#..#.#.......
#####......# #...####.#K...... #
##'#+#.# #.#......#....... #
###.#.#.###.########....... #
#.....#.#.._....... #
#.#.###...#.#.#####


You could see a gnoll, a kobold and a friendly iron imp.

Vanquished Creatures
  A dart slug (D:1)
  A hobgoblin (D:1)
  2 kobolds (D:1)
  4 bats (D:1)
  A rat (D:1)
9 creatures vanquished.

Notes
Turn   | Place    | Note
-------+----------+-------------------------------------------
     0 | Abyss:1  | PhynixH2O the Demonspawn Abyssal Knight began the quest for the Orb.
     0 | Abyss:1  | Reached XP level 1. HP: 18/18 MP: 2/2
    67 | Abyss:1  | Noticed a thrashing horror
    68 | D:1      | Escaped the Abyss
   219 | D:1      | Reached * piety under Lugonu
   219 | D:1      | Gained mutation: A weak demonic guardian rushes to your aid. [demonic ancestry]
   219 | D:1      | Reached XP level 2. HP: 23/24 MP: 3/3
   394 | D:1      | Found a shattered altar of Ashenzari.
   422 | D:1      | Slain by a gnoll

Skill      XL: |  1 |
---------------+----+-----
Long Blades    | 2 |  2.1
Fighting       | |  3.4
Armour         | |  1.7
Dodging        | |  0.8
Invocations    | |  2.4

Action                   || total
-------------------------++-------
Melee: Falchion          ||    21
Invok: Depart the Abyss  ||     1
Armor: Leather armour    ||     5
Dodge: Dodged            ||    21
       Rpst.: Falchion   ||     6
